 Dungeon Crawl Stone Soup version 0.17.1-3-g152610e (webtiles) character file.

765 Midnight the Skirmisher (level 7, 0/56 HPs)
             Began as a Demonspawn Berserker on Apr 3, 2016.
             Was an Elder of Trog.
             Slain by jesusflecha's ghost (2 damage)
             ... on level 5 of the Dungeon.
             The game lasted 00:12:57 (3690 turns).

Midnight the Skirmisher (Demonspawn Berserker)      Turns: 3690, Time: 00:12:57

Health: 0/56       AC: 14    Str: 19    XL:     7   Next: 51%
Magic:  0/16       EV:  5    Int:  8    God:    Trog [****..]
Gold:   179        SH:  0    Dex: 13    Spells: 0 memorised, 6 levels left

rFire  . . .     SeeInvis .     x - +0 hand axe (elec)
rCold  . . .     Clarity  .     n - +0 plate armour
rNeg   . . .     SustAt   .     (no shield)
rPois  .         Gourm    .     (no helmet)
rElec  .         Spirit   +     i - +0 cloak
rCorr  .         Warding  .     (no gloves)
rMut   .         Stasis   .     (no boots)
MR     ++...                    (no amulet)
Stlth  ..........               (no ring)
                                w - ring of magical power

@: exhausted, regenerating, slowed, heavily drained, very slow, very resistant
to hostile enchantments, extremely unstealthy
A: claws 1, slimy green scales 1, magic shield, rot immunity
a: Berserk, Trog's Hand, Brothers in Arms, Burn Spellbooks, Renounce Religion


You were on level 5 of the Dungeon.
You worshipped Trog.
Trog was greatly pleased with you.
You were very hungry.

You visited 1 branch of the dungeon, and saw 5 of its levels.
You also visited: Sewer.

You collected 179 gold pieces.

Inventory:

Hand Weapons
 a - a +0 spear
 x - a +0 hand axe of electrocution (weapon)
Armour
 i - a +0 cloak (worn)
 n - a +0 plate armour (worn)
Jewellery
 w - a ring of magical power (left claw)
Wands
 o - a wand of random effects (31)
 v - a wand of magic darts (15)
 z - a wand of polymorph (6)
Scrolls
 d - 2 scrolls of identify
 e - a scroll of fog {unknown}
 h - 2 scrolls of teleportation
 k - a scroll of amnesia {unknown}
 q - a scroll of enchant weapon {unknown}
 r - 2 scrolls of noise {unknown}
 t - 4 scrolls of remove curse {unknown}
 y - a scroll of recharging {unknown}
 A - a scroll of acquirement {unknown}
 D - a scroll of fear {unknown}
Potions
 b - a potion of invisibility {unknown}
 g - a potion of degeneration
 m - a potion of heal wounds
 p - a potion of magic {unknown}
 s - a potion of poison
 B - a potion of haste {unknown}
 C - a potion of might {unknown}
Comestibles
 c - 4 bread rations
 f - 3 fruits
 l - a slice of pizza
 u - 3 meat rations


   Skills:
 + Level 5.4(3.4) Fighting
 + Level 4.8(2.9) Polearms
 + Level 5.2(3.3) Armour
 - Level 1.8(0.0) Dodging


You had 6 spell levels left.
You didn't know any spells.

Dungeon Overview and Level Annotations

Branches:
Dungeon (5/15)
 Temple: D:4-7

Altars:
Fedhas
Nemelex Xobeh
Qazlal
Trog
Xom

Shops:
D:5 (

Annotations:
D:5 jesusflecha's ghost, novice DrCj


Innate Abilities, Weirdness & Mutations

You have sharp fingernails.
You are partially covered in slimy green scales (AC +2).
When hurt, damage is shared between your health and your magic reserves.
You are immune to rotting.


Message History

Jesusflecha's ghost hits you.
* * * LOW HITPOINT WARNING * * *
You hit jesusflecha's ghost but do no damage.
Jesusflecha's ghost is severely damaged.
Jesusflecha's ghost hits you.
* * * LOW HITPOINT WARNING * * *
Jesusflecha's ghost hits you.
* * * LOW HITPOINT WARNING * * *
You barely miss jesusflecha's ghost.
Jesusflecha's ghost is severely damaged.
You feel the effects of Trog's Hand fading.
Jesusflecha's ghost breathes negative energy at you.
The bolt of negative energy hits you!
You feel drained.
* * * LOW HITPOINT WARNING * * *
You closely miss jesusflecha's ghost.
Jesusflecha's ghost is severely damaged.
Jesusflecha's ghost hits you.
* * * LOW HITPOINT WARNING * * *
Jesusflecha's ghost hits you.
You die...

#..........# #.##########
.# #.# #####%## #.#
#......## #.# #..>.....
#.# #......# #.# #......##
#.###############........
##.#...........@W'.......∩
#........#########........
####[###.# #........
#.....<#.# #........
##.#.###.# ###.###.. #.#.#
#.# .# . #.#.# #.# .#
##.#.# #.# .# #..#.# #.#


You could see jesusflecha's ghost.

Vanquished Creatures
  An ice beast (D:5)
  An ogre (D:4)
  A crocodile (Sewer)
  3 hounds (D:4)
  Crazy Yiuf (D:4)
  2 orc priests (D:3)
  Ijyb (D:3)
  An orc wizard (D:4)
  A hound skeleton (D:5)
  5 adders
  10 gnolls (D:4)
  An ooze (D:4)
  2 worms (D:2)
  2 giant geckos (D:1)
  14 orcs
  3 giant cockroaches
  11 hobgoblins
  7 jackals
  7 kobolds
  3 quokkas
  3 ball pythons
  15 bats
  A giant gecko skeleton (D:5)
  4 giant newts
  5 goblins
  A jackal skeleton (D:4)
  10 rats
  5 fungi (D:4)
121 creatures vanquished.

Vanquished Creatures (others)
  A fungus (D:4)
1 creature vanquished.

Grand Total: 122 creatures vanquished

Notes
Turn   | Place    | Note
--------------------------------------------------------------
     0 | D:1      | Midnight the Demonspawn Berserker began the quest for the Orb.
     0 | D:1      | Reached XP level 1. HP: 18/18 MP: 1/1
   137 | D:1      | Gained mutation: You have sharp fingernails. [demonic ancestry]
   137 | D:1      | Reached XP level 2. HP: 17/24 MP: 2/2
   186 | D:1      | Found a sparkling altar of Nemelex Xobeh.
   573 | D:1      | Reached ** piety under Trog
   681 | D:2      | Gained mutation: You are partially covered in slimy green scales (AC +2). [demonic ancestry]
   681 | D:2      | Reached XP level 3. HP: 19/29 MP: 3/3
  1027 | D:2      | Found a shimmering altar of Xom.
  1038 | D:2      | Found a sparkling altar of Nemelex Xobeh.
  1236 | D:2      | Reached XP level 4. HP: 29/37 MP: 4/4
  1673 | D:3      | Found a bloodstained altar of Trog.
  1709 | D:3      | Reached skill level 4 in Fighting
  1719 | D:3      | Gained mutation: You are immune to rotting. [demonic ancestry]
  1719 | D:3      | Reached XP level 5. HP: 42/42 MP: 5/5
  1789 | D:3      | Reached *** piety under Trog
  1867 | D:3      | Noticed Ijyb
  1890 | D:3      | Killed Ijyb
  2552 | D:4      | Noticed an ogre
  2562 | D:4      | Killed an ogre
  2562 | D:4      | Gained mutation: When hurt, damage is shared between your health and your magic reserves. [demonic ancestry]
  2562 | D:4      | Reached XP level 6. HP: 49/49 MP: 6/6
  2625 | D:4      | Found a glowing drain.
  2640 | Sewer    | Entered a sewer
  2656 | Sewer    | Reached **** piety under Trog
  3031 | D:4      | Found a stormy altar of Qazlal.
  3042 | D:4      | Found a blossoming altar of Fedhas.
  3060 | D:4      | Reached XP level 7. HP: 44/55 MP: 7/7
  3167 | D:4      | Reached skill level 5 in Fighting
  3452 | D:4      | Noticed Crazy Yiuf
  3458 | D:4      | Killed Crazy Yiuf
  3565 | D:5      | Entered Level 5 of the Dungeon
  3629 | D:5      | Reached skill level 5 in Armour
  3637 | D:5      | Noticed jesusflecha's ghost (novice DrCj)
  3648 | D:5      | Found Ceprepn's Weapon Boutique.
  3689 | D:5      | HP: 1/56 [jesusflecha's ghost/bolt of negative energy (5)]
  3690 | D:5      | Slain by jesusflecha's ghost

Action                   |  1- 3 |  4- 6 |  7- 9 || total
-------------------------+-------+-------+-------++-------
Melee: Spear             |   152 |   127 |       ||   279
       Hand axe          |       |    64 |    94 ||   158
Invok: Berserk           |     2 |     4 |     2 ||     8
       Trog's Hand       |       |     3 |     2 ||     5
  Use: Potion            |       |     2 |     2 ||     4
       Scroll            |       |     2 |       ||     2
 Stab: Sleeping          |     1 |       |       ||     1
  Eat: Chunk             |     3 |    10 |     4 ||    17
